 Dungeon Crawl Stone Soup version 0.31-a0-702-gf82c85558f (webtiles) character file.

Game seed: 6160537011578222981

8326 Markself the Skirmisher (level 11, -2/64 HPs)
             Began as a Deep Elf Hunter on Sept 8, 2023.
             Killed by the air
             ... invoked by Gastronok
              (33 damage)
             ... on level 9 of the Dungeon.
             The game lasted 00:39:42 (12284 turns).

Markself the Skirmisher (Deep Elf Hunter)          Turns: 12284, Time: 00:39:43

Health: -2/64      AC:  6    Str:  8    XL:     11   Next: 8%
Magic:  9/22       EV: 18    Int: 15    God:
Gold:   459        SH:  0    Dex: 22    Spells: 20/22 levels left

rFire   + + .        a - +0 orcbow
rCold   x . .        (shield currently unavailable)
rNeg    . . .        B - +2 robe {rF+}
rPois   .            (no helmet)
rElec   .            (no cloak)
rCorr   .            C - +0 pair of gloves
SInv    .            p - +0 pair of boots
Will    +....        (no amulet)
Stlth   ++++         x - ring of wizardry
HPRegen 0.30/turn    j - ring of fire
MPRegen 0.18/turn

%: wizardry (x1)
@: slowed, very slow
A: no striking features
a: no special abilities


You were on level 9 of the Dungeon.
You visited 1 branch of the dungeon, and saw 9 of its levels.

You collected 459 gold pieces.

Inventory:

Hand Weapons
 a - a +0 orcbow (weapon)
 b - a +1 short sword of speed
 y - a +4 dagger
Missiles
 i - 19 poisoned darts
Armour
 p - a +0 pair of boots (worn)
 B - a +2 robe of fire resistance (worn)
 C - a +0 pair of gloves (worn)
Magical Staves
 F - the staff "Bifoter" {rF+ Will+ Dex+6 SInv Stlth- Fire}
   (You found it on level 7 of the Dungeon)

   [staff of fire]

   Base accuracy: +5 Base damage: 5 Base attack delay: 1.2 This weapon's minimum
   attack delay (0.6) is reached at skill level 12.
   Dex+6:     It affects your dexterity (+6).
   rF+:       It protects you from fire.
   Will+:     It increases your willpower.
   SInv:      It lets you see invisible.
   Stlth-:    It makes you less stealthy.
   Fire:      It increases the power of your Fire spells.
   It falls into the 'Staves' category.
   It is a one-handed weapon.
 G - a staff of poison
 H - a staff of air
Jewellery
 j - a ring of fire (right hand)
 x - a ring of wizardry (left hand)
 A - a ring of flight
Wands
 t - a wand of polymorph (2)
 v - a wand of acid (11)
 z - a wand of flame (14)
 D - a wand of roots (12)
 J - a wand of digging (5)
Scrolls
 e - a scroll of fear
 f - a scroll of amnesia {unknown}
 g - 2 scrolls of butterflies
 l - a scroll of enchant armour {unknown}
 n - a scroll of immolation {unknown}
 q - a scroll of poison {unknown}
 r - a scroll of revelation {unknown}
 s - a scroll of brand weapon {unknown}
 u - 2 scrolls of teleportation
 w - a scroll of noise {unknown}
 I - a scroll of blinking {unknown}
Potions
 c - a potion of haste
 d - a potion of brilliance
 h - a potion of cancellation {unknown}
 k - 2 potions of curing
 m - 2 potions of lignification
 o - 3 potions of might
 K - a potion of attraction {unknown}
Miscellaneous
 E - a phial of floods (inert)


   Skills:
 + Level 5.6 Fighting
 * Level 13.0 Ranged Weapons
 + Level 8.2 Dodging
 + Level 8.5 Stealth
 - Level 6.0 Spellcasting
 - Level 4.8 Air Magic
 - Level 5.3 Poison Magic
 + Level 3.6 Evocations


You had 20 spell levels left.
You knew the following spells:

 Your Spells              Type           Power      Damage    Failure   Level
a - Poisonous Vapours     Pois/Air       38%        N/A       1%          2

Your spell library contained the following spells:

 Spells                   Type           Power      Damage    Failure   Level
 Mephitic Cloud           Conj/Pois/Air  14%        N/A       4%          3
 Freeze                   Ice            16%        1d4       6%          1
 Kiss of Death            Conj/Necr      16%        2d6       6%          1
 Confusing Touch          Hex            4%         N/A       17%         3
 Frozen Ramparts          Ice            8%         1d2       17%         3
 Hailstorm                Conj/Ice       4%         3d4       17%         3
 Ozocubu's Armour         Ice            4%         N/A       17%         3
 Tukima's Dance           Hex            4%         N/A       17%         3
 Vampiric Draining        Necr           4%         2d6       17%         3
 Dimensional Bullseye     Hex/Tloc       2%         N/A       47%         4
 Dispel Undead            Necr           4%         3d7       47%         4
 Iskenderun's Mystic Bla  Conj/Tloc      4%         2d3       47%         4
 Silence                  Hex/Air        5%         N/A       50%         5
 Freezing Cloud           Conj/Ice/Air   4%         6-21      61%         5
 Metabolic Englaciation   Hex/Ice        2%         N/A       82%         5
 Simulacrum               Ice/Necr       2%         N/A       100%        6
 Ozocubu's Refrigeration  Ice            2%         4d7       100%        7
 Polar Vortex             Ice            2%         N/A       100%        9


Dungeon Overview and Level Annotations

Branches:
Dungeon (9/15)
 Temple: D:4-7         Lair: D:8-11         Orc: D:9-12

Altars:
Ashenzari
Dithmenos
Hepliaklqana
Kikubaaqudgha
Nemelex Xobeh
Okawaru
Qazlal

Annotations:
D:6 manticore
D:9 Gastronok


Message History

You feel yourself slow down.
Casting: Poisonous Vapours (safe; 1% risk of failure)
Confirm with . or Enter, or press ? or * to list all spells.
Aiming: Poisonous Vapours (safe; 1% risk of failure)
Press: ? - help, Dir - move target, f/p - Gastronok
Aim: Gastronok, wearing a +0 hat (severely wounded, extremely poisoned)
You feel a surge of power!
Poisonous vapours surround Gastronok!
Gastronok looks as sick as possible!
Gastronok's eyestalks quiver as he mumbles some strange words.
Unknown command.
Unknown command.
a - a +0 orcbow (weapon)
You start resting.
A river rat is nearby!
You shoot an arrow. The arrow hits the river rat!
You kill the river rat!
The river rat's corpse disappears in a puff of smoke!
No target in view!
No target in view!
You shoot an arrow.
The arrow hits Gastronok but does no damage.
Gastronok is almost dead.
Gastronok waves his eye-stalks in wide circles.
The air twists around and strikes you!!
Ouch! That really hurt!
Casting: Poisonous Vapours (safe; 1% risk of failure)
Confirm with . or Enter, or press ? or * to list all spells.
Aiming: Poisonous Vapours (safe; 1% risk of failure)
Press: ? - help, Dir - move target, f/p - Gastronok
Aim: Gastronok, wearing a +0 hat (almost dead, very poisoned) Poisonous vapours surround Gastronok!
Gastronok looks as sick as possible!
Unknown command.
Unknown command.
You shoot an arrow. The arrow hits Gastronok!
Gastronok is almost dead.
Gastronok waves his eye-stalks in wide circles.
The air twists around and strikes you!!
Ouch! That really hurt!
You die...
Gastronok gurgles, "About time.
I'm starving!"

##........#
###.........##
#............#
w............#
##...........#
##..........####
##..))..†...r.###
#.........###w[.####
#.#......##
##@....###
...##....##
##......... ....
##..## ##..........
...# #.##
#........... ... ###
##...[....... ...
##...........#
#....[.......#
#...........##
#...........##


You could see Gastronok (extremely poisoned) and a rat (summoned).

Vanquished Creatures
  Erica (D:9)
  A two-headed ogre (D:8)
  Pikel (D:4)
  An ugly thing (D:7)
  A gargoyle (D:7)
  Psyche (D:9)
  A troll (D:7)
  A vampire (D:7)
  A slime creature (D:7)
  A wraith (D:7)
  A wyvern (D:9)
  Eustachio (D:4)
  Menkaure (D:5)
  3 water moccasins
  An acid dragon (D:7)
  3 ice beasts
  3 orc warriors
  3 black bears
  2 sky beasts
  5 ogres
  A centaur (D:7)
  4 lemures
  3 phantoms
  2 kobold brigands
  2 bullfrogs (D:6)
  2 scorpions
  22 wights
  2 howler monkeys
  4 hounds
  2 orc priests
  8 jellies
  A gnoll bouda (D:5)
  2 sleepcaps (D:6)
  Jessica (D:2)
  3 iguanas
  2 orc wizards
  Natasha (thrice) (D:4)
  7 gnolls
  6 adders
  3 shadow imps
  2 white imps
  An ufetubus (D:6)
  4 worms
  20 orcs
  11 ball pythons
  8 bats
  8 endoplasms
  2 giant cockroaches
  11 goblins
  8 hobgoblins
  15 kobolds
  2 quokkas
  4 frilled lizards
  8 rats
217 creatures vanquished.

Notes
Turn   | Place    | Note
-------+----------+-------------------------------------------
     0 | D:1      | Markself the Deep Elf Hunter began the quest for the Orb.
     0 | D:1      | Reached XP level 1. HP: 12/12 MP: 3/3
   160 | D:1      | Reached XP level 2. HP: 12/17 MP: 4/4
   733 | D:2      | Reached XP level 3. HP: 21/21 MP: 5/5
   779 | D:2      | Reached skill level 6 in Ranged Weapons
   804 | D:2      | Noticed Jessica
   812 | D:2      | Killed Jessica
   927 | D:2      | Reached XP level 4. HP: 26/26 MP: 6/6
  1214 | D:2      | Found a sparkling altar of Nemelex Xobeh.
  1365 | D:3      | Found a faded altar of an unknown god.
  1685 | D:3      | Reached XP level 5. HP: 22/31 MP: 7/7
  2110 | D:3      | Found a hazy altar of Hepliaklqana.
  2214 | D:4      | Noticed a black bear
  2417 | D:4      | Reached skill level 7 in Ranged Weapons
  2486 | D:4      | Noticed Eustachio
  2601 | D:4      | Noticed Natasha
  3020 | D:3      | Reached XP level 6. HP: 36/36 MP: 8/8
  3502 | D:4      | Noticed Pikel
  3582 | D:4      | Reached skill level 8 in Ranged Weapons
  4369 | D:4      | Reached XP level 7. HP: 41/41 MP: 9/9
  4522 | D:4      | Killed Eustachio
  4635 | D:5      | Entered Level 5 of the Dungeon
  4728 | D:5      | Found a shadowy altar of Dithmenos.
  4747 | D:5      | Reached skill level 5 in Dodging
  4814 | D:5      | Noticed Menkaure
  4829 | D:5      | Killed Menkaure
  4830 | D:5      | Reached skill level 9 in Ranged Weapons
  4830 | D:5      | Reached skill level 5 in Stealth
  4918 | D:5      | Learned a level 2 spell: Poisonous Vapours
  5015 | D:5      | Identified the +4 hand axe "Vegg" {antimagic, rF+ Int+3}
  5368 | D:5      | Found an ancient bone altar of Kikubaaqudgha.
  5368 | D:5      | Found an iron altar of Okawaru.
  5518 | D:5      | Reached skill level 1 in Spellcasting
  5518 | D:5      | Reached XP level 8. HP: 39/47 MP: 9/11
  5619 | D:5      | Reached skill level 1 in Air Magic
  5619 | D:5      | Reached skill level 1 in Poison Magic
  6335 | D:6      | Identified the +6 scale mail of Responsibility {Rampage
                  | rElec rPois Str-3}
  6388 | D:6      | Reached skill level 10 in Ranged Weapons
  6451 | D:6      | Noticed a manticore
  6818 | D:6      | Noticed a two-headed ogre
  7299 | D:5      | Reached skill level 1 in Evocations
  7756 | D:4      | Killed Pikel
  7757 | D:4      | Reached XP level 9. HP: 52/52 MP: 14/16
  7803 | D:4      | Killed Natasha
  8083 | D:4      | Noticed Natasha
  8090 | D:4      | Killed Natasha
  8124 | D:4      | Noticed Natasha
  8131 | D:4      | Killed Natasha
  8788 | D:7      | Reached skill level 11 in Ranged Weapons
  8830 | D:7      | Found a broken altar of Ashenzari.
  9309 | D:7      | Noticed a troll
  9493 | D:7      | Killed a troll
  9658 | D:7      | Noticed a gargoyle
  9673 | D:7      | Killed a gargoyle
  9674 | D:7      | Reached XP level 10. HP: 56/58 MP: 19/19
  9707 | D:6      | Reached skill level 5 in Spellcasting
  9859 | D:6      | Reached skill level 5 in Fighting
 10293 | D:7      | Noticed a purple ugly thing
 10310 | D:7      | Killed a purple ugly thing
 10311 | D:7      | Reached skill level 12 in Ranged Weapons
 10400 | D:7      | Got the Excursus on Charming Spectres
 10404 | D:7      | Identified the staff "Bifoter" {rF+ Will+ Dex+6 SInv Stlth-
                  | Fire}
 10408 | D:7      | Identified the staff "Zoostav" {Fly Str+3 Dex-2 Earth}
 11315 | D:8      | Noticed a two-headed ogre
 11345 | D:8      | Killed a two-headed ogre
 11421 | D:8      | Reached skill level 5 in Poison Magic
 11721 | D:8      | Found a stormy altar of Qazlal.
 11881 | D:9      | Noticed a two-headed ogre
 11933 | D:9      | Noticed Psyche
 11949 | D:9      | Noticed Erica
 11955 | D:9      | Killed Psyche
 11968 | D:9      | Killed Erica
 11969 | D:9      | Reached XP level 11. HP: 63/64 MP: 5/22
 12162 | D:9      | Noticed Gastronok
 12204 | D:9      | Reached skill level 13 in Ranged Weapons
 12284 | D:9      | Killed from afar by Gastronok

Illustrated notes

Levels and vault maps discovered:
D:1:      heliophobic_arrival_enchanted_forest, layout_basic
D:2:      layout_basic, basic_altar, uniq_jessica
D:3:      minmay_bubble_buster, layout_basic, worldfamousw_hep_ancestral_shrine,
          chequers_ecumenical_altar_island
D:4:      layout_cave_pods, uniq_pikel, uniq_natasha, uniq_eustachio
D:5:      minmay_chambers_of_fours, layout_basic, grunt_dithmenos_smoke,
          nicolae_overflow_two_pavilions, nicolae_nh_ransacked_shop,
          uniq_menkaure
D:6:      hangedman_cross_stitches, layout_basic, mainiacjoe_overflow_24_doors,
          minmay_temple_entry_large_hall, uniq_edmund
D:7:      minmay_the_grid_octo_triangle [minmay_the_grid_octo_clover,
          minmay_the_grid_octo_prize_ultimate_mussel_roller,
          minmay_the_grid_octo_horde], layout_gridville,
          nicolae_ashenzari_skybound
D:8:      layout_gridville, nicolae_qazlal_eye_of_the_storm
D:9:      layout_cave_pods, mainiacjoe_overflow_brackets, serial_bayou_pond_b,
          minmay_misc_feat_rugged, uniq_psyche, uniq_erica, uniq_gastronok

Skill      XL: |  1  2  3  4  5  6  7  8  9 10 11 |
---------------+----------------------------------+-----
Stealth        | 2 3 4 5 6 7 8 |  8.5
Ranged Weapons | 6 7 8 9 10 11 12 13 | 13.0
Fighting       | 2 3 4 5 |  5.6
Dodging        | 3 4 5 6 7 8 |  8.2
Spellcasting   | 1 3 4 6 |  6.0
Air Magic      | 2 3 4 |  4.8
Poison Magic   | 2 4 5 |  5.3
Evocations     | 1 2 3 |  3.6

Action                     |  1- 3 |  4- 6 |  7- 9 | 10-12 || total
---------------------------+-------+-------+-------+-------++-------
  Melee: Short sword       |       |     8 |       |       ||     8
   Fire: Shortbow          |    83 |   285 |   195 |       ||   563
         Orcbow            |       |       |   169 |   251 ||   420
  Throw: Dart              |       |    11 |     9 |       ||    20
   Cast: Poisonous Vapours |       |       |    17 |    40 ||    57
  Evoke: Wand              |       |       |    10 |     7 ||    17
         Phial of floods   |       |       |       |     1 ||     1
    Use: Scroll            |       |     4 |     2 |     2 ||     8
         Potion            |       |       |       |     1 ||     1
 Armour: Robe              |     9 |    42 |    79 |    37 ||   167
         Leather armour    |     2 |       |       |       ||     2
         Skin              |       |       |    65 |    15 ||    80
  Dodge: Dodged            |    12 |    54 |   146 |    80 ||   292

Table legend: (Time is in decaauts)
 A = Elapsed time spent in this place.
 B = Non-inter-level travel time spent in this place.
 C = Inter-level travel time spent in this place.
 D = Time resting spent in this place.
 E = Time spent auto-exploring this place.
 F = Levels seen in this place.
 G = Mean time per level.
                   A        B        C        D        E       F      G
               +--------+--------+--------+--------+--------+-----+--------+
         Total |  12318 |  10809 |   1509 |   2819 |   4706 |   9 | 1368.7 |
       Dungeon |  12318 |  10809 |   1509 |   2819 |   4706 |   9 | 1368.7 |
               +--------+--------+--------+--------+--------+-----+--------+

Top non-repeatable levels by time:
     D:5: 2549 daAuts
     D:4: 2459 daAuts
     D:7: 1928 daAuts
     D:3: 1438 daAuts
     D:6: 1170 daAuts
     D:8: 1114 daAuts
     D:1: 704 daAuts
     D:2: 693 daAuts
     D:9: 259 daAuts
